 Dungeon Crawl Stone Soup version 0.23.2-33-g5129a83184 (webtiles) character file.

Game seed: 5242014427200285489

93 Kold the Insei (level 4, -5/28 HPs)
             Began as an Octopode Transmuter on July 23, 2019.
             Slain by a gnoll
             ... wielding a +0 spear
              (7 damage)
             ... on level 2 of the Dungeon.
             The game lasted 00:03:35 (2393 turns).

Kold the Insei (Octopode Transmuter)                Turns: 2393, Time: 00:03:35

Health: -5/28      AC:  1    Str: 10    XL:     4   Next: 61%
Magic:  8/8        EV: 19    Int: 15    God:
Gold:   68         SH:  0    Dex: 17    Spells: 7/8 levels left

rFire    . . .     SeeInvis .     - Unarmed
rCold    . . .     Gourm    .   (no shield)
rNeg     . . .     Faith    .   (helmet restricted)
rPois    .         Spirit   .   g - amulet of harm
rElec    .         Reflect  .   e - ring of flight
rCorr    .         Harm     +   (no ring)
MR       .....                  (no ring)
Stlth    ++++......             (no ring)
HPRegen  0.09/turn              (no ring)
MPRegen  0.11/turn              (no ring)
                                (no ring)
                                (no ring)

@: agile, appendage (expiring), hasted, very quick
A: almost no armour, stealthy swim, amphibious, 8 rings, constrict 8, tentacle
spike 3, camouflage 1, gelatinous body 1
a: End Transformation, Evoke Flight


You were on level 2 of the Dungeon.
You were not hungry.
One of your tentacles had a temporary spike.
You visited 1 branch of the dungeon, and saw 2 of its levels.

You collected 68 gold pieces.

Inventory:

Missiles
 a - 12 arrows
Jewellery
 e - a ring of flight (left tentacle)
 g - an amulet of harm (around mantle)
 h - an uncursed ring of fire
Scrolls
 f - a scroll of magic mapping {unknown}
 i - a scroll of enchant armour {unknown}
 k - 2 scrolls of identify {unknown}
Potions
 d - a potion of agility
Comestibles
 c - 5 rations
 l - 2 chunks of flesh


   Skills:
 + Level 1.1 Fighting
 + Level 2.1 Dodging
 + Level 2.2 Stealth
 + Level 3.9 Unarmed Combat
 + Level 2.8 Spellcasting
 + Level 2.3 Transmutations


You had 7 spell levels left.
You knew the following spells:

 Your Spells              Type           Power        Failure   Level  Hunger
a - Beastly Appendage     Tmut           #.....       8%          1    #......

Your spell library contained the following spells:

 Spells                   Type           Power        Failure   Level  Hunger
 Sticks to Snakes         Tmut           #.......     12%         2    ##.....
 Spider Form              Tmut/Pois      #.........   36%         3    ###....
 Ice Form                 Ice/Tmut       #.......     77%         4    #####..
 Blade Hands              Tmut           #.........   91%         5    ######.


Dungeon Overview and Level Annotations

Branches:
Dungeon (2/15)

Altars:


Innate Abilities, Weirdness & Mutations

You cannot wear most types of armour.
You are very stealthy in the water. (Stealth+)
You are amphibious.
You can wear up to eight rings at the same time.
You can use your tentacles to constrict eight enemies at once.
Your skin changes colour to match your surroundings (Stealth+).
Your rubbery body absorbs attacks. (AC +1, EV +1)
One of your tentacles bears a large vicious spike.


Message History

Your transformation is almost over.
The gnoll hits you with a +0 whip.
* * * LOW HITPOINT WARNING * * *
A gnoll comes into view. It is wielding a +0 spear.
The gnoll hits you from afar with a +0 spear.
* * * LOW HITPOINT WARNING * * *
You tentacle-slap the gnoll. You grab the gnoll.
You pierce the gnoll!
You squeeze the gnoll.
The gnoll is severely wounded.
You constrict the gnoll, but do no damage.
The gnoll barely misses you. The gnoll closely misses you.
You tentacle-slap the gnoll.
You pierce the gnoll.
You kill the gnoll!
It was a potion of agility.
You feel agile all of a sudden.
It was a potion of haste.
You feel yourself speed up. The gnoll hits you but does no damage.
It was a potion of magic.
Magic courses through your body.
The gnoll hits you from afar with a +0 spear.
You die...

##..........## #.
##............# #.
##.............÷
#.##...............
#.#................
#.#.........(...... .
#.#.......♣..♣.....
....##)'........♣♣......
.g..gg)@........♣♣......
....####.......♣..♣..)..
. #...........)....
#............)...
##...............
##..............
##............#
##..........##
........##.


You could see 2 gnolls and a hobgoblin (wandering).

Vanquished Creatures
  2 adders (D:2)
  2 gnolls (D:2)
  A worm (D:2)
  2 dart slugs
  3 leopard geckos (D:1)
  4 bats
  2 giant cockroaches
  6 goblins
  5 hobgoblins (D:2)
  4 jackals (D:1)
  A quokka (D:1)
  A ball python (D:2)
  9 frilled lizards
  2 kobolds
  4 rats (D:2)
48 creatures vanquished.

Vanquished Creatures (others)
  2 plants (D:2)
2 creatures vanquished.

Grand Total: 50 creatures vanquished

Notes
Turn   | Place    | Note
-------+----------+-------------------------------------------
     0 | D:1      | Kold the Octopode Transmuter began the quest for the Orb.
     0 | D:1      | Reached XP level 1. HP: 13/13 MP: 3/3
   456 | D:1      | Reached XP level 2. HP: 18/18 MP: 3/5
  1211 | D:2      | Reached skill level 1 in Stealth
  1211 | D:2      | Reached XP level 3. HP: 21/23 MP: 4/6
  2022 | D:2      | Reached XP level 4. HP: 28/28 MP: 5/7
  2393 | D:2      | Slain by a gnoll

Skill      XL: |  1  2  3  4 |
---------------+-------------+-----
Stealth        | 1 2 |  2.2
Fighting       | |  1.1
Dodging        | |  2.1
Unarmed Combat | |  3.9
Spellcasting   | |  2.8
Transmutations | |  2.3

Action                   |  1- 3 |  4- 6 || total
-------------------------+-------+-------++-------
Melee: Unarmed           |    78 |    23 ||   101
       Constrict         |    21 |     7 ||    28
       Kick              |     7 |     7 ||    14
       Tentacles         |    10 |     6 ||    16
       Punch             |     1 |       ||     1
 Cast: Beastly Appendage |    18 |     3 ||    21
  Use: Potion            |       |     3 ||     3
 Stab: Sleeping          |     6 |       ||     6
  Eat: Chunk             |     4 |     1 ||     5
Armor: Skin              |     7 |     2 ||     9
Dodge: Dodged            |    49 |    13 ||    62
